 Dungeon Crawl Stone Soup version 0.19.1-1-g22dce08 (webtiles) character file.

88141 Jynx the Scorcher (level 15, -8/72 HPs)
             Began as a Deep Elf Fire Elementalist on Jan 8, 2017.
             Was a High Priest of Vehumet.
             Mangled by an alligator (29 damage)
             ... on level 1 of the Swamp on Jan 9, 2017.
             The game lasted 01:34:24 (24487 turns).

Jynx the Scorcher (Deep Elf Fire Elementalist)     Turns: 24487, Time: 01:34:26

Health: -8/72      AC: 13    Str:  5    XL:     15   Next: 45%
Magic:  5/46       EV: 13    Int: 27    God:    Vehumet [*****.]
Gold:   1958       SH:  0    Dex: 17    Spells: 12 memorised, 7 levels left

rFire  . . .     SeeInvis .     d - staff of energy
rCold  . . .     Gourm    .     S - +1 robe {Archmagi}
rNeg   . . .     Faith    .     (no shield)
rPois  .         Spirit   .     C - +0 helmet
rElec  .         Reflect  .     i - +0 cloak
rCorr  .         Harm     .     N - +0 pair of gloves
MR     +....                    l - +0 pair of boots
Stlth  ++........               o - amulet of magic regeneration
                                e - +6 ring of protection
                                u - ring of magical power

@: delayed fireball, repel missiles
A: agile 1
a: Renounce Religion, Release Delayed Fireball


You were on level 1 of the Swamp.
You worshipped Vehumet.
Vehumet was extremely pleased with you.
You were near starving.

You visited 5 branches of the dungeon, and saw 25 of its levels.

You collected 1958 gold pieces.

Inventory:

Hand Weapons
 E - the +7 rapier "Heoreh" {pierce, +Rage rElec Dex+3}
   (You found it on level 11 of the Dungeon)

   It inflicts extra damage upon your enemies.
   It affects your dexterity (+3).
   It insulates you from electricity.
   It lets you go berserk.
Armour
 i - a +0 cloak (worn)
 l - a +0 pair of boots (worn)
 v - a +2 robe of fire resistance
 x - a +2 robe of magic resistance
 C - a +0 helmet (worn)
 K - a +1 robe of cold resistance
 N - a +0 pair of gloves (worn)
 S - a +1 robe of the Archmagi (worn)
Magical Staves
 d - an uncursed staff of energy (weapon)
Jewellery
 e - a +6 ring of protection (right hand)
 o - an amulet of magic regeneration (around neck)
 t - an uncursed ring of poison resistance
 u - a ring of magical power (left hand)
 y - a cursed amulet of rage {unknown}
 A - an uncursed ring of protection from magic
 U - an uncursed ring of protection from fire
Wands
 b - a wand of digging (11/24)
 q - a wand of flame (26/48)
 s - a wand of lightning (7/15)
 w - a wand of digging (9/24)
 z - a wand of digging (8/24)
 F - a wand of teleportation (1/9)
 G - a wand of teleportation (4/9)
 H - a wand of enslavement (3/24)
 M - a wand of lightning (8/15)
Scrolls
 a - 9 scrolls of magic mapping
 g - 15 scrolls of remove curse
 j - 4 scrolls of enchant armour
 n - 7 scrolls of recharging
 p - 5 scrolls of fear
 B - 4 scrolls of teleportation
 P - 4 scrolls of amnesia
 Q - a scroll of blinking
 V - 2 scrolls of enchant weapon
 Y - a scroll of holy word
Potions
 f - 6 potions of curing
 h - 3 potions of ambrosia
 k - a potion of heal wounds
 r - 2 potions of invisibility
 J - 2 potions of flight
 O - 2 potions of resistance
 T - a potion of cancellation {unknown}
 X - a potion of cure mutation
Books
 D - a book of Air

   Spells                             Type                      Level
   a - Shock                          Conjuration/Air              1
   b - Swiftness                      Charms/Air                   2
   c - Repel Missiles                 Charms/Air                   2
   d - Static Discharge               Conjuration/Air              3
   e - Lightning Bolt                 Conjuration/Air              5
 W - a book of Fire

   Spells                             Type                      Level
   a - Ignite Poison                  Fire/Transmutation/Poison    3
   b - Fireball                       Conjuration/Fire             5
   c - Bolt of Fire                   Conjuration/Fire             6
   d - Delayed Fireball               Conjuration/Fire             7
   e - Ring of Flames                 Charms/Fire                  7
Comestibles
 c - 14 bread rations
 m - 3 royal jellies
 I - 3 slices of pizza
 L - 24 fruits
 R - 4 beef jerkies
 Z - 7 meat rations


   Skills:
 - Level 2.4 Dodging
 - Level 2.4 Stealth
 + Level 16.4 Spellcasting
 + Level 13.8 Conjurations
 - Level 4.0 Translocations
 * Level 18.7 Fire Magic
 + Level 5.9 Air Magic
 - Level 9.1 Evocations


You had 7 spell levels left.
You knew the following spells:

 Your Spells              Type           Power        Failure   Level  Hunger
a - Flame Tongue          Conj/Fire      #####        0%          1    None
b - Conjure Flame         Conj/Fire      ########     0%          3    None
c - Sticky Flame          Conj/Fire      ########     1%          4    None
d - Fireball              Conj/Fire      ########..   1%          5    None
e - Iskenderun's Battles  Conj/Chrm      ######..     1%          5    None
f - Bolt of Fire          Conj/Fire      ########..   1%          6    None
g - Blink                 Tloc           N/A          1%          2    None
h - Apportation           Tloc           ######....   1%          1    None
i - Gell's Gravitas       Hex/Tloc       #####.....   2%          3    None
j - Delayed Fireball      Conj/Fire      N/A          1%          7    None
k - Repel Missiles        Chrm/Air       ######       1%          2    None
l - Lightning Bolt        Conj/Air       #######...   1%          5    None


Dungeon Overview and Level Annotations

Branches:
Dungeon (15/15)            Temple (1/1) D:4            Lair (6/6) D:11
  Swamp (1/4) Lair:3        Snake (0/4) Lair:3        Slime (0/5) Lair:5
    Orc (2/2) D:10         Vaults (0/5) D:13
    Elf: Orc:2       Depths: D:15

Altars:
Ashenzari
Cheibriados
Dithmenos
Elyvilon
Fedhas
Makhleb
Okawaru
Qazlal
Ru
Sif Muna
Uskayaw
Vehumet
Zin
The Shining One
Beogh
Jiyva

Shops:
D:6 *=*(   D:10 [(

Annotations:
Lair:4 cada's ghost, journeyman FoFi
Lair:5 1 runed door
Orc:2 Azrael


Innate Abilities, Weirdness & Mutations

You are agile. (Dex +2)


Message History

Aim: an alligator (moderately wounded, covering ground quickly)
You feel a surge of power!
The sticky flame hits the alligator.
The alligator is heavily wounded.
The alligator is covered in liquid flames!
You are near starving!
The alligator burns!
Your battlesphere fires!
The barrage of energy hits the alligator.
The alligator is heavily wounded.
Your battlesphere expends the last of its energy and dissipates.
The alligator bites you but does no damage.
The alligator closely misses you.
The alligator burns!
Casting: Sticky Flame
Confirm with . or Enter, or press ? or * to list all spells.
You feel a surge of power!
You conjure a globe of magical energy.
The alligator burns!
The alligator bites you!! The alligator tail-slaps you.
* * * LOW HITPOINT WARNING * * *
The alligator bites you!!
You die...

♣♣♣♣♣♣♣ ♣♣ ♣♣...≈≈♣♣.. ♣♣
♣≈≈≈≈.≈≈.≈≈ .♣♣ ♣♣♣≈≈≈§≈...
≈... ♣≈.≈≈≈≈.≈♣ .≈≈.. ♣♣♣♣♣
♣♣♣♣♣..≈≈≈≈≈.♣♣≈≈≈≈.
♣♣♣≈..♣♣♣≈≈≈≈)≈.≈≈≈≈.§.§≈≈≈≈
....§..†....†.≈..§≈≈...§≈...
≈≈.≈≈≈..≈≈≈≈≈≈..@t....§§≈≈.≈
≈≈.≈≈≈.≈≈≈≈≈≈≈≈≈≈..≈≈.§..†..
≈≈....≈≈≈≈≈≈≈..*≈≈.≈≈≈...§..
...≈........≈...≈≈..≈...≈§§J
.....≈≈.§≈≈♣........≈..≈≈§§§
....≈≈≈.≈≈♣♣..≈≈.♣♣≈≈≈≈≈≈§§t
..........♣♣♣≈[≈≈...≈≈≈..§≈≈
.≈≈........♣♣♣≈..§.......%..
.≈≈..>.....♣♣♣≈...≈≈♣♣....


You could see an alligator (burning) and a friendly battlesphere.

Vanquished Creatures
  Agnes (D:14)
  A deep elf sorcerer (D:13)
  An orc warlord (Orc:1)
  The ghost of ErikD the Bludgeoner, a journeyman MiBe of Trog (Lair:5)
  A stone giant (Orc:2)
  Josephine (D:11)
  Erolcha (D:10)
  10 hydras
  Fannar (D:10)
  Erica (D:10)
  2 centaur warriors (D:13)
  The ghost of flt the Destroyer, a journeyman DrCj of Sif Muna (Lair:1)
  An alligator (Swamp:1)
  A death knight (D:13)
  An orc high priest (D:13)
  3 vampire magi (D:13)
  A shambling mangrove (Swamp:1)
  A wizard (D:13)
  3 hill giants
  A swamp dragon (Swamp:1)
  2 orc knights
  7 deep elf magi (D:13)
  6 orc sorcerers
  2 necromancers
  9 ugly things
  2 cyclopes
  2 manticores
  10 slime creatures (Swamp:1)
  A black mamba (Lair:2)
  19 elephants
  An ice statue (Lair:2)
  4 naga magi (D:13)
  3 centaur zombies
  The ghost of Sayumi the Shield-Bearer, a novice DgFi (D:6)
  10 spiny frogs
  A gargoyle (D:13)
  4 rime drakes
  7 centaur skeletons
  11 komodo dragons
  An ice devil (Lair:2)
  The ghost of McKennaii the Gusty, a novice HEAE (D:5)
  A merfolk (D:11)
  2 freezing wraiths (D:13)
  6 trolls
  3 hornets (Swamp:1)
  A harpy skeleton (D:14)
  7 two-headed ogres
  3 polar bears (Lair:2)
  9 blink frogs
  8 hippogriffs
  6 dream sheep (Lair:6)
  Sigmund (D:3)
  A shadow (Swamp:1)
  5 wyverns
  2 spriggans
  6 wraiths
  A water elemental (D:11)
  2 yaks (D:11)
  A hog (D:11)
  A steam dragon (Lair:6)
  2 fire elementals
  2 basilisks (Lair:6)
  4 vampire mosquitoes (Swamp:1)
  A hungry ghost (D:9)
  2 mottled dragons
  3 wargs
  3 nagas (Lair:3)
  8 water moccasins
  5 insubstantial wisps (Lair:3)
  2 hell hounds (Orc:1)
  8 porcupines
  9 black bears
  32 orc warriors
  4 sky beasts
  A swamp drake (Swamp:1)
  4 ice beasts
  2 phantoms
  An eye of draining (D:13)
  12 ogres
  2 hornet zombies
  A necrophage (D:7)
  6 wolves (Lair:1)
  16 centaurs
  The ghost of 12san the Sneak, an amateur OpAs (D:3)
  12 crocodiles
  4 big kobolds
  18 bullfrogs
  A gnoll sergeant (D:11)
  2 wyvern zombies
  4 scorpions
  14 killer bees
  8 wights
  3 howler monkeys
  8 electric eels (D:11)
  6 crimson imps
  2 quasits
  A bullfrog zombie (D:10)
  16 orc priests
  2 bullfrog skeletons
  4 hounds
  2 jellies
  3 gnoll shamans
  28 orc wizards
  Jessica (D:3)
  8 iguanas
  11 worker ants
  2 hound skeletons
  A howler monkey zombie (D:7)
  2 worker ant zombies
  11 gnolls
  11 adders
  4 shadow imps
  A white imp (Lair:2)
  2 oozes
  An adder zombie (D:10)
  An adder skeleton (D:4)
  A worm (D:4)
  4 dart slugs
  7 leopard geckos
  112 orcs
  9 bats
  4 giant cockroaches
  7 hobgoblins
  6 jackals
  29 kobolds
  10 quokkas
  4 ball pythons
  7 frilled lizards
  7 goblins
  A jackal skeleton (D:7)
  9 rats
  A bush (Lair:5)
  A butterfly (Lair:6)
  A fungus (Lair:5)
  13 plants
762 creatures vanquished.

Vanquished Creatures (others)
  9 fungi
  22 plants
31 creatures vanquished.

Grand Total: 793 creatures vanquished

Notes
Turn   | Place    | Note
-------+----------+-------------------------------------------
     0 | D:1      | Jynx the Deep Elf Fire Elementalist began the quest for the Orb.
     0 | D:1      | Reached XP level 1. HP: 10/10 MP: 6/6
   107 | D:1      | Reached XP level 2. HP: 6/15 MP: 0/8
   687 | D:1      | Reached skill level 4 in Fire Magic
   817 | D:1      | Reached XP level 3. HP: 19/19 MP: 7/10
   845 | D:1      | Learned a level 3 spell: Conjure Flame
  1163 | D:2      | Found a faded altar of an unknown god.
  1618 | D:2      | Reached XP level 4. HP: 24/24 MP: 7/12
  1797 | D:2      | Found a shadowy altar of Dithmenos.
  2123 | D:3      | Noticed Jessica
  2129 | D:3      | Killed Jessica
  2145 | D:3      | Reached skill level 5 in Fire Magic
  2145 | D:3      | Reached XP level 5. HP: 28/28 MP: 11/14
  2169 | D:3      | Learned a level 4 spell: Sticky Flame
  2187 | D:3      | Reached skill level 5 in Spellcasting
  2346 | D:3      | Noticed 12san's ghost (amateur OpAs)
  2356 | D:3      | Killed 12san's ghost
  2356 | D:3      | Reached XP level 6. HP: 32/32 MP: 4/15
  2695 | D:3      | Noticed Sigmund
  2710 | D:3      | Killed Sigmund
  2710 | D:3      | Reached skill level 6 in Fire Magic
  3072 | D:4      | Reached XP level 7. HP: 34/36 MP: 13/18
  3353 | D:4      | Found a sacrificial altar of Ru.
  3808 | D:4      | Found a staircase to the Ecumenical Temple.
  3813 | Temple   | Entered the Ecumenical Temple
  3849 | Temple   | Became a worshipper of Vehumet
  4183 | D:5      | Entered Level 5 of the Dungeon
  4275 | D:5      | Reached skill level 7 in Fire Magic
  4357 | D:5      | Noticed McKennaii's ghost (novice HEAE)
  4387 | D:5      | Killed McKennaii's ghost
  4585 | D:4      | Learned a level 5 spell: Fireball
  4597 | D:5      | Reached XP level 8. HP: 30/41 MP: 11/20
  4598 | D:5      | Reached skill level 5 in Conjurations
  4735 | D:5      | Reached skill level 8 in Fire Magic
  4788 | D:5      | Found a hide-covered altar of Uskayaw.
  4789 | D:5      | Found a stormy altar of Qazlal.
  5163 | D:6      | Reached * piety under Vehumet
  5163 | D:6      | Offered knowledge of Sting by Vehumet.
  5225 | D:6      | Found Heaqezoc's Jewellery Boutique.
  5316 | D:6      | Found a snail-covered altar of Cheibriados.
  5326 | D:6      | Found Gyumeh's Assorted Antiques.
  5391 | D:6      | Noticed Sayumi's ghost (novice DgFi)
  5417 | D:6      | Killed Sayumi's ghost
  5417 | D:6      | Reached skill level 9 in Fire Magic
  5614 | D:6      | Found Qyosof's General Store.
  5712 | D:6      | Found Hinul's Antique Weapon Shop.
  5938 | D:7      | Reached XP level 9. HP: 45/45 MP: 23/23
  6245 | D:7      | Found a shattered altar of Ashenzari.
  6322 | D:7      | Reached skill level 1 in Evocations
  6533 | D:7      | Reached ** piety under Vehumet
  6539 | D:7      | Reached skill level 10 in Fire Magic
  6550 | D:7      | Offered knowledge of Throw Frost by Vehumet.
  7606 | D:8      | Offered knowledge of Dazzling Spray by Vehumet.
  8095 | D:9      | Reached *** piety under Vehumet
  8246 | D:9      | Reached skill level 11 in Fire Magic
  8324 | D:9      | Noticed a troll
  8331 | D:9      | Killed a troll
  8410 | D:9      | Reached skill level 10 in Spellcasting
  8410 | D:9      | Reached XP level 10. HP: 50/50 MP: 26/26
  8494 | D:9      | Offered knowledge of Airstrike by Vehumet.
  8848 | D:10     | Entered Level 10 of the Dungeon
  8876 | D:10     | Noticed Erolcha
  8879 | D:10     | Killed Erolcha
  8883 | D:10     | Found Igotout's Weapon Boutique.
  8926 | D:10     | Found a staircase to the Orcish Mines.
  8928 | D:10     | Found Eganep's Armour Boutique.
  9045 | D:10     | Noticed Fannar
  9050 | D:10     | Killed Fannar
  9050 | D:10     | Reached skill level 12 in Fire Magic
  9050 | D:10     | Reached skill level 5 in Evocations
  9411 | D:10     | Noticed a hill giant
  9418 | D:10     | Killed a hill giant
  9509 | D:10     | Noticed Erica
  9513 | D:10     | Killed Erica
  9917 | D:11     | Noticed a white ugly thing
  9931 | D:11     | Reached **** piety under Vehumet
  9932 | D:11     | Reached XP level 11. HP: 43/54 MP: 22/28
  9932 | D:11     | Offered knowledge of Iskenderun's Battlesphere by Vehumet.
  9988 | D:11     | Noticed a seven-headed hydra
 10308 | D:11     | Killed a seven-headed hydra
 10308 | D:11     | Reached skill level 13 in Fire Magic
 10325 | D:11     | Learned a level 5 spell: Iskenderun's Battlesphere
 10879 | D:11     | Killed a white ugly thing
 10935 | D:11     | Learned a level 6 spell: Bolt of Fire
 10984 | D:11     | Noticed Josephine
 10985 | D:11     | Noticed a purple ugly thing
 10986 | D:11     | Killed Josephine
 10989 | D:11     | Killed a purple ugly thing
 11131 | D:11     | Got a brightly glowing rapier
 11132 | D:11     | Identified the +7 rapier "Heoreh" {pierce, +Rage rElec Dex+3} (You found it on level 11 of the Dungeon)
 11528 | D:11     | Found a staircase to the Lair.
 11564 | D:11     | Identified the Grimoire of Poisoning and Conjuration
 11568 | D:11     | Gained mutation: You are agile. (Dex +2) [potion of beneficial mutation]
 11655 | D:11     | Reached ***** piety under Vehumet
 11692 | D:11     | Offered knowledge of Iron Shot by Vehumet.
 11714 | D:11     | Reached skill level 14 in Fire Magic
 11880 | D:11     | Reached XP level 12. HP: 59/59 MP: 30/30
 11904 | D:11     | Found a glowing silver altar of Zin.
 11940 | D:11     | Reached skill level 10 in Conjurations
 12637 | Lair:1   | Entered Level 1 of the Lair of Beasts
 12811 | Lair:1   | Noticed flt's ghost (journeyman DrCj)
 12813 | Lair:1   | Killed flt's ghost
 13489 | Lair:2   | Reached skill level 15 in Fire Magic
 13553 | Lair:2   | Identified Kontu's Papyrus of Warped Boosts
 13587 | Lair:2   | Learned a level 2 spell: Blink
 13621 | Lair:3   | Noticed a five-headed hydra
 13622 | Lair:3   | Killed a five-headed hydra
 13651 | Lair:3   | Reached skill level 1 in Translocations
 13846 | Lair:3   | Offered knowledge of Lee's Rapid Deconstruction by Vehumet.
 13912 | Lair:3   | Found a staircase to the Swamp.
 14044 | Lair:3   | Found a staircase to the Snake Pit.
 14086 | Lair:3   | Reached XP level 13. HP: 52/63 MP: 32/32
 15088 | Lair:4   | Noticed cada's ghost (journeyman FoFi)
 16075 | Lair:5   | Found a runed door.
 16075 | Lair:5   | Found a viscous altar of Jiyva.
 16075 | Lair:5   | Found a staircase to the Slime Pits.
 16224 | Lair:5   | Noticed ErikD's ghost (journeyman MiBe)
 16230 | Lair:5   | Killed ErikD's ghost
 16359 | Lair:5   | Reached skill level 16 in Fire Magic
 17026 | Lair:6   | Entered Level 6 of the Lair of Beasts
 17126 | Lair:6   | Learned a level 1 spell: Apportation
 17131 | Lair:6   | Learned a level 3 spell: Gell's Gravitas
 17450 | Lair:6   | Learned a level 7 spell: Delayed Fireball
 17461 | Lair:6   | Noticed a fire dragon
 17681 | Orc:1    | Entered Level 1 of the Orcish Mines
 17844 | Orc:1    | Reached XP level 14. HP: 68/68 MP: 34/34
 17853 | Orc:1    | Learned a level 2 spell: Repel Missiles
 18123 | Orc:1    | Offered knowledge of Bolt of Magma by Vehumet.
 18259 | Orc:2    | Entered Level 2 of the Orcish Mines
 18603 | Orc:2    | Reached skill level 1 in Air Magic
 18766 | Orc:2    | Noticed Azrael
 19178 | Orc:2    | Reached skill level 17 in Fire Magic
 19189 | Orc:2    | Noticed a stone giant
 19193 | Orc:2    | Killed a stone giant
 19618 | Orc:2    | Learned a level 5 spell: Lightning Bolt
 19656 | Orc:1    | Reached skill level 15 in Spellcasting
 19789 | Orc:1    | Noticed an orc warlord
 19794 | Orc:1    | Killed an orc warlord
 20787 | D:13     | Offered knowledge of Poison Arrow by Vehumet.
 21259 | D:13     | Found a gate to the Vaults.
 21610 | D:13     | Found a deep blue altar of Sif Muna.
 21664 | D:13     | Noticed a deep elf sorcerer
 21666 | D:13     | Killed a deep elf sorcerer
 21690 | D:13     | Identified the Tome of Feathery Aid
 21722 | D:13     | Identified the Incunabulum of Ensnaring Transformation
 22111 | D:13     | Identified the Catalogue of Creation and Flight
 22134 | D:13     | Identified Veclicyanu's Disquisition on Glacial Stones
 22146 | D:13     | Identified the Almanac of Ashen Air
 22186 | D:13     | Reached skill level 18 in Fire Magic
 22332 | D:13     | Found a runed door.
 22896 | D:13     | Found a roughly hewn altar of Beogh.
 22959 | D:14     | Reached XP level 15. HP: 62/72 MP: 22/36
 23053 | D:14     | Found a snail-covered altar of Cheibriados.
 23314 | D:14     | Reached skill level 5 in Air Magic
 23336 | D:14     | Offered knowledge of Ozocubu's Refrigeration by Vehumet.
 23487 | D:14     | Noticed Agnes
 23495 | D:14     | Killed Agnes
 24062 | D:15     | Entered Level 15 of the Dungeon
 24208 | Swamp:1  | Entered Level 1 of the Swamp
 24487 | Swamp:1  | Mangled by an alligator

Skill      XL: |  1  2  3  4  5  6  7  8  9 10 11 12 13 14 15 |
---------------+----------------------------------------------+-----
Fire Magic     | 4 5 6 7 9 11 12 14 15 16 18 | 18.7
Conjurations   | 2 3 4 6 7 8 9 11 12 13 | 13.8
Spellcasting   | 4 5 6 7 8 10 11 12 13 14 15 16 | 16.4
Evocations     | 3 5 7 9 |  9.1
Translocations | 2 4 |  4.0
Air Magic      | 4 5 |  5.9
Dodging        | |  2.4
Stealth        | |  2.4

Action                   |  1- 3 |  4- 6 |  7- 9 | 10-12 | 13-15 || total
-------------------------+-------+-------+-------+-------+-------++-------
Melee: Short sword       |       |       |   178 |    10 |       ||   188
       Rapier            |       |       |       |     1 |     2 ||     3
       Staff             |       |       |       |       |    10 ||    10
 Cast: Flame Tongue      |    66 |    89 |   344 |   307 |   357 ||  1163
       Conjure Flame     |     2 |     3 |    10 |     5 |     1 ||    21
       Fireball          |       |       |    11 |   100 |    80 ||   191
       Sticky Flame      |       |       |    13 |     8 |    21 ||    42
       Iskenderun's Batt |       |       |       |    37 |   114 ||   151
       Bolt of Fire      |       |       |       |    11 |   118 ||   129
       Delayed Fireball  |       |       |       |       |     1 ||     1
       Lightning Bolt    |       |       |       |       |     9 ||     9
       Blink             |       |       |       |       |     2 ||     2
       Repel Missiles    |       |       |       |       |     2 ||     2
       Gell's Gravitas   |       |       |       |       |     1 ||     1
  Use: Scroll            |       |       |    16 |    12 |    10 ||    38
       Potion            |       |       |       |     3 |     4 ||     7
  Eat: Chunk             |     2 |     5 |    11 |    24 |    35 ||    77
       Meat ration       |       |       |     1 |     1 |       ||     2
       Pizza             |       |       |     1 |     1 |       ||     2
       Beef jerky        |       |       |     1 |       |       ||     1
       Fruit             |       |       |       |     2 |     5 ||     7
Armor: Robe              |     5 |     6 |   145 |    48 |    49 ||   253
Dodge: Dodged            |    14 |    19 |   222 |    58 |   107 ||   420
       Deflected         |       |       |       |       |     7 ||     7
